 Dungeon Crawl Stone Soup version 0.21.1-1-g345015f (webtiles) character file.

503 Flooderbenga the Grave Robber (level 7, -2/50 HPs)
             Began as a Gnoll Necromancer on Apr 10, 2018.
             Was an Initiate of Cheibriados.
             Slain by a killer bee (5 damage)
             ... on level 7 of the Dungeon.
             The game lasted 00:38:45 (1562 turns).

Flooderbenga the Grave Robber (Gnoll Necromancer)   Turns: 1562, Time: 00:38:45

Health: -2/50      AC:  1    Str: 17    XL:     7   Next: 17%
Magic:  10/15      EV: 15    Int: 20    God:    Cheibriados [......]
Gold:   112        SH:  0    Dex: 18    Spells: 5/17 levels left

rFire    . . .     SeeInvis .   u - +0 dagger (venom)
rCold    . . .     Gourm    .   (no shield)
rNeg     + . .     Faith    .   a - +0 robe
rPois    .         Spirit   .   (no helmet)
rElec    .         Reflect  .   (no cloak)
rCorr    .         Harm     .   (no gloves)
MR       .....                  (no boots)
Stlth    ++++......             m - amulet of regeneration
HPRegen  0.56/turn              n - ring of stealth
MPRegen  0.14/turn              y - ring of positive energy

@: mighty, lethally poisoned (-2 -> -2), flying, drained, very slow
A: distributed training, fangs 1, agile 1, deformed body, strong nose
a: Bend Time, Renounce Religion


You were on level 7 of the Dungeon.
You worshipped Cheibriados.
Cheibriados was noncommittal.
You were not hungry.

You visited 2 branches of the dungeon, and saw 8 of its levels.
You also visited: Sewer.

You collected 140 gold pieces.
You spent 28 gold pieces at shops.

Inventory:

Hand Weapons
 g - a +0 hunting sling
 l - a +0 dagger
 t - a +0 flail of draining
 u - a +0 dagger of venom (weapon)
 x - a +0 blowgun
Missiles
 d - 26 stones (quivered)
 f - a throwing net {!f}
 h - 3 javelins
 r - 10 sling bullets
 v - 3 poisoned needles
 z - 14 arrows
Armour
 a - a +0 robe (worn)
Jewellery
 m - an amulet of regeneration (around neck)
 n - a ring of stealth (left hand)
 o - an uncursed amulet of inaccuracy
 y - a ring of positive energy (right hand)
Scrolls
 e - a scroll of amnesia
 i - 2 scrolls of fear {@r5}
 j - 4 scrolls of teleportation {@r3}
Potions
 w - 2 potions of flight
 A - a potion of cancellation
Books
 b - a book of Necromancy

   Spells                             Type                      Level
   a - Pain                           Necromancy                   1
   b - Animate Skeleton               Necromancy                   1
   c - Vampiric Draining              Necromancy                   3
   d - Regeneration                   Charms/Necromancy            3
   e - Animate Dead                   Necromancy                   4
   f - Borgnjor's Vile Clutch         Necromancy/Earth             5
 s - a book of Changes

   Spells                             Type                      Level
   a - Beastly Appendage              Transmutation                1
   b - Sticks to Snakes               Transmutation                2
   c - Spider Form                    Transmutation/Poison         3
   d - Ice Form                       Ice/Transmutation            4
   e - Blade Hands                    Transmutation                5
Comestibles
 c - 4 rations


   Skills:
 + Level 2.2(1.3) Fighting
 + Level 2.2(1.3) Short Blades
 + Level 2.2(1.3) Long Blades
 + Level 2.2(1.3) Axes
 + Level 2.2(1.3) Maces & Flails
 + Level 2.2(1.3) Polearms
 + Level 2.2(1.3) Staves
 + Level 2.2(1.3) Slings
 + Level 2.2(1.3) Bows
 + Level 2.2(1.3) Crossbows
 + Level 2.2(1.3) Throwing
 + Level 2.2(1.3) Armour
 + Level 5.1(4.1) Dodging
 + Level 4.8(3.7) Stealth
 + Level 2.2(1.3) Shields
 + Level 2.2(1.3) Unarmed Combat
 + Level 5.5(4.4) Spellcasting
 + Level 1.8(0.9) Conjurations
 + Level 1.8(0.9) Hexes
 + Level 1.8(0.9) Charms
 + Level 1.8(0.9) Summonings
 + Level 7.3(6.2) Necromancy
 + Level 1.8(0.9) Translocations
 + Level 1.8(0.9) Transmutations
 + Level 1.8(0.9) Fire Magic
 + Level 1.8(0.9) Ice Magic
 + Level 1.8(0.9) Air Magic
 + Level 1.8(0.9) Earth Magic
 + Level 1.8(0.9) Poison Magic
 + Level 2.5(1.5) Invocations
 + Level 2.2(1.3) Evocations


You had 5 spell levels left.
You knew the following spells:

 Your Spells              Type           Power        Failure   Level  Hunger
a - Pain                  Necr           ####         1%          1    None
b - Sticks to Snakes      Tmut           #.......     13%         2    #......
c - Borgnjor's Vile Clut  Necr/Erth      ###.......   61%         5    ######.
r - Regeneration          Chrm/Necr      ###.......   9%          3    ###....
z - Animate Skeleton      Necr           N/A          1%          1    None


Dungeon Overview and Level Annotations

Branches:
Dungeon (7/15)             Temple (1/1) D:7

Altars:
Ashenzari
Cheibriados
Hepliaklqana
Okawaru
Qazlal
Xom
Zin
The Shining One

Shops:
D:5 *

Annotations:
D:5 Totori's ghost, novice KoHu


Innate Abilities, Weirdness & Mutations

Your experience applies equally to all skills.
You have very sharp teeth.
Your uncanny sense of smell can sniff out nearby items.
You are agile. (Dex +2)
Armour fits poorly on your strangely shaped body.


Message History

Unknown command.
Casting: Sticks to Snakes
Okay, then.
Unknown command.
Casting: Sticks to Snakes You create a snake!
You now have 15 arrows.
The killer bee closely misses you. The killer bee stings you.
* * * LOW HITPOINT WARNING * * *
You are poisoned.
The killer bee poisons you!
You take 5 damage, and have 4/50 hp.
You now have 12/15 mp.
You swap places.
You feel sick. Something stings your ball python.
Your ball python is poisoned.
Something poisons your ball python! Something stings your ball python.
Your ball python dies!
The killer bee closely misses you.
Casting: Sticks to Snakes You create a snake!
You now have 14 arrows.
You feel sick. The killer bee stings you.
You die...

#.##.#................#
#.##.#......(.........#
#.##.#................####
..............##.........#
.....#.#########...#.#...#####.
#.................#.#.#........
################S#.#.#.#..###..
#y.#y>.#...# #@#y#.#.#.##
#.%#.#.#..# #.$.#y#...#
#...$..!..# . ####........ #$
######## #.## #... ....##


You could see a killer bee and a friendly ball python.

Vanquished Creatures
  An ogre (D:4)
  A big kobold (Sewer)
  A killer bee (D:7)
  2 hounds
  A jelly (D:6)
  2 orc priests
  2 orc wizards (D:5)
  A worker ant (D:5)
  An adder (D:4)
  2 river rats
  An ooze (D:4)
  A dart slug (D:4)
  5 leopard geckos
  5 orcs
  5 giant cockroaches
  A goblin (D:3)
  2 hobgoblins (D:1)
  A jackal (Sewer)
  4 kobolds (Sewer)
  A frilled lizard (D:4)
  A leopard gecko skeleton (D:4)
  4 rats
45 creatures vanquished.

Vanquished Creatures (collateral kills)
  An adder (D:4)
  An adder skeleton (D:4)
  An orc (D:4)
  A jackal (Sewer)
  A rat (Sewer)
5 creatures vanquished.

Vanquished Creatures (others)
  4 fungi (D:4)
4 creatures vanquished.

Grand Total: 54 creatures vanquished

Notes
Turn   | Place    | Note
-------+----------+-------------------------------------------
     0 | D:1      | Flooderbenga the Gnoll Necromancer began the quest for the Orb.
     0 | D:1      | Reached XP level 1. HP: 13/13 MP: 6/6
    15 | D:1      | Learned a level 1 spell: Animate Skeleton
   299 | D:3      | Reached XP level 2. HP: 19/19 MP: 7/7
   384 | D:4      | Reached skill level 5 in Spellcasting
   384 | D:4      | Reached skill level 1 in Invocations
   384 | D:4      | Reached XP level 3. HP: 11/25 MP: 3/9
   398 | D:5      | Entered Level 5 of the Dungeon
   406 | D:5      | Learned a level 3 spell: Regeneration
   424 | D:5      | Found Bigilich's General Store.
   443 | D:5      | Bought a scroll of identify for 28 gold pieces
   458 | D:5      | Noticed Totori's ghost (novice KoHu)
   458 | D:5      | Reached skill level 1 in Fighting
   458 | D:5      | Reached skill level 1 in Short Blades
   458 | D:5      | Reached skill level 1 in Long Blades
   458 | D:5      | Reached skill level 1 in Axes
   458 | D:5      | Reached skill level 1 in Maces & Flails
   458 | D:5      | Reached skill level 1 in Polearms
   458 | D:5      | Reached skill level 1 in Staves
   458 | D:5      | Reached skill level 1 in Slings
   458 | D:5      | Reached skill level 1 in Bows
   458 | D:5      | Reached skill level 1 in Crossbows
   458 | D:5      | Reached skill level 1 in Throwing
   458 | D:5      | Reached skill level 1 in Armour
   458 | D:5      | Reached skill level 1 in Shields
   458 | D:5      | Reached skill level 1 in Unarmed Combat
   458 | D:5      | Reached skill level 1 in Evocations
   458 | D:5      | Reached XP level 4. HP: 18/32 MP: 6/11
   515 | D:4      | Noticed an ogre
   523 | D:4      | Killed an ogre
   523 | D:4      | Reached skill level 1 in Conjurations
   523 | D:4      | Reached skill level 1 in Hexes
   523 | D:4      | Reached skill level 1 in Charms
   523 | D:4      | Reached skill level 1 in Summonings
   523 | D:4      | Reached skill level 1 in Translocations
   523 | D:4      | Reached skill level 1 in Transmutations
   523 | D:4      | Reached skill level 1 in Fire Magic
   523 | D:4      | Reached skill level 1 in Ice Magic
   523 | D:4      | Reached skill level 1 in Air Magic
   523 | D:4      | Reached skill level 1 in Earth Magic
   523 | D:4      | Reached skill level 1 in Poison Magic
   523 | D:4      | Reached XP level 5. HP: 17/37 MP: 4/12
   534 | D:4      | Learned a level 5 spell: Borgnjor's Vile Clutch
   537 | D:4      | Learned a level 2 spell: Sticks to Snakes
   716 | D:4      | Found a glowing drain.
   720 | Sewer    | Entered a sewer
   763 | Sewer    | Noticed a big kobold
   786 | Sewer    | Killed a big kobold
   786 | Sewer    | Reached XP level 6. HP: 43/44 MP: 0/13
   836 | Sewer    | Found a glowing silver altar of Zin.
   987 | D:5      | Reached skill level 5 in Dodging
  1372 | D:7      | Noticed a two-headed ogre
  1451 | D:7      | Reached XP level 7. HP: 32/50 MP: 10/15
  1482 | D:7      | Found a staircase to the Ecumenical Temple.
  1495 | Temple   | Entered the Ecumenical Temple
  1515 | Temple   | Became a worshipper of Cheibriados the Contemplative
  1554 | D:7      | Gained mutation: You are resistant to electric shocks. (rElec) [potion of mutation]
  1554 | D:7      | Lost mutation: You are resistant to electric shocks. (rElec) [potion of mutation]
  1554 | D:7      | Gained mutation: Your flesh is heat resistant. (rF+) [potion of mutation]
  1555 | D:7      | HP: 2/50 [killer bee (2)]
  1559 | D:7      | Lost mutation: Your flesh is heat resistant. (rF+) [potion of mutation]
  1559 | D:7      | Gained mutation: Armour fits poorly on your strangely shaped body. [potion of mutation]
  1559 | D:7      | Gained mutation: You are agile. (Dex +2) [potion of mutation]
  1562 | D:7      | Slain by a killer bee

Skill      XL: |  1  2  3  4  5  6 |
---------------+-------------------+-----
Spellcasting   | 5 |  5.5
Invocations    | 1 2 |  2.5
Fighting       | 1 2 |  2.2
Short Blades   | 1 2 |  2.2
Long Blades    | 1 2 |  2.2
Axes           | 1 2 |  2.2
Maces & Flails | 1 2 |  2.2
Polearms       | 1 2 |  2.2
Staves         | 1 2 |  2.2
Slings         | 1 2 |  2.2
Bows           | 1 2 |  2.2
Crossbows      | 1 2 |  2.2
Throwing       | 1 2 |  2.2
Armour         | 1 2 |  2.2
Shields        | 1 2 |  2.2
Unarmed Combat | 1 2 |  2.2
Evocations     | 1 2 |  2.2
Conjurations   | 1 |  1.8
Hexes          | 1 |  1.8
Charms         | 1 |  1.8
Summonings     | 1 |  1.8
Translocations | 1 |  1.8
Transmutations | 1 |  1.8
Fire Magic     | 1 |  1.8
Ice Magic      | 1 |  1.8
Air Magic      | 1 |  1.8
Earth Magic    | 1 |  1.8
Poison Magic   | 1 |  1.8
Dodging        | 5 |  5.1
Stealth        | |  4.8
Necromancy     | |  7.3

Action                   |  1- 3 |  4- 6 |  7- 9 || total
-------------------------+-------+-------+-------++-------
Melee: Dagger            |     4 |    33 |    10 ||    47
       Flail             |       |     3 |       ||     3
       Bite              |       |     4 |     1 ||     5
 Cast: Pain              |    13 |    54 |     3 ||    70
       Animate Skeleton  |     4 |     6 |     1 ||    11
       Regeneration      |     1 |     4 |       ||     5
       Borgnjor's Vile C |       |     1 |       ||     1
       Sticks to Snakes  |       |       |     3 ||     3
  Use: Scroll            |     1 |     9 |       ||    10
       Potion            |       |       |     8 ||     8
 Stab: Sleeping          |     4 |     7 |     1 ||    12
  Eat: Ration            |       |     1 |       ||     1
Armor: Robe              |       |     2 |     3 ||     5
Dodge: Dodged            |     4 |    40 |    28 ||    72
